 Dungeon Crawl Stone Soup version 0.31-a0-83-gbff143cfd1 (webtiles) character file.

Game seed: 11234317665578664153

210 Strat the Sneak (level 6, -1/37 HPs)
             Began as a Kobold Brigand on May 24, 2023.
             Frozen to death by an endoplasm (3 damage)
             ... on level 4 of the Dungeon.
             The game lasted 00:03:58 (2869 turns).

Strat the Sneak (Kobold Brigand)                    Turns: 2869, Time: 00:03:59

Health: -1/37      AC:  5    Str:  8    XL:     6   Next: 12%
Magic:  6/6        EV: 15    Int: 13    God:
Gold:   145        SH:  0    Dex: 18    Spells: 5/5 levels left

rFire   . . .        b - +1 dagger (venom)
rCold   . . .        (no shield)
rNeg    . . .        s - +1 robe {Will+}
rPois   .            (no helmet)
rElec   .            c - +0 cloak
rCorr   .            (no gloves)
SInv    .            l - +0 pair of boots
Will    +....        (no amulet)
Stlth   +++++        (no ring)
HPRegen 0.26/turn    (no ring)
MPRegen 0.10/turn

%: no passive effects
@: no status effects
A: small, no large weapons, nightstalker 3
a: no special abilities


You were on level 4 of the Dungeon.
You visited 1 branch of the dungeon, and saw 4 of its levels.

You collected 145 gold pieces.

Inventory:

Hand Weapons
 a - a +2 dagger of speed
 b - a +1 dagger of venom (weapon)
Missiles
 d - 9 poisoned darts (quivered)
 e - 3 curare-tipped darts
Armour
 c - a +0 cloak (worn)
 l - a +0 pair of boots (worn)
 n - an orb of guile
 s - a +1 robe of willpower (worn)
 x - a +0 robe
Jewellery
 r - a ring of wizardry
Scrolls
 f - a scroll of poison
 g - a scroll of teleportation {unknown}
 k - a scroll of magic mapping {unknown}
 m - a scroll of blinking {unknown}
 p - a scroll of immolation {unknown}
 t - a scroll of fear {unknown}
 u - a scroll of brand weapon {unknown}
 w - a scroll of identify {unknown}
Potions
 h - a potion of cancellation {unknown}
 i - a potion of might {unknown}
 j - a potion of ambrosia {unknown}
 o - 2 potions of mutation {unknown}
 q - a potion of curing {unknown}
 v - a potion of enlightenment {unknown}


   Skills:
 + Level 3.2 Fighting
 * Level 5.0 Short Blades
 - Level 2.1 Throwing
 + Level 2.7 Dodging
 * Level 7.1 Stealth


You had 5 spell levels left.
You didn't know any spells.
Your spell library contained the following spells:

 Spells                   Type           Power      Damage    Failure   Level
 Ozocubu's Armour         Ice            0%         N/A       67%         3
 Ozocubu's Refrigeration  Ice            0%         4d7       100%        7


Dungeon Overview and Level Annotations

Branches:
Dungeon (4/15)
 Temple: D:4-7

Altars:

Shops:
D:3 [


Innate Abilities, Weirdness & Mutations

You are small and have problems with some larger weapons.
You are completely attuned to the shadows.


Message History

Moving in this stuff is going to be slow.
The ball python bites you but does no damage.
The ball python grabs you. The ball python constricts you.
You escape the ball python's grasp.
The gnoll is no longer moving quickly. x2
The gnoll barely misses you.
The ball python attacks as you move away!
The ball python closely misses you. The ball python misses you.
The gnoll is no longer moving quickly.
The ball python closely misses you. The ball python barely misses you.
The ball python attacks as you move away!
The ball python closely misses you. The ball python barely misses you. x2
The ball python grabs you. The ball python constricts you.
You escape the ball python's grasp.
You enter the shallow water.
Moving in this stuff is going to be slow.
The ball python attacks as you move away!
The ball python misses you.
The ball python bites you but does no damage.
The ball python barely misses you. The ball python closely misses you.
The ball python barely misses you.
The ball python attacks as you move away!
The ball python completely misses you. The ball python misses you.
The gnoll misses you.
The ball python attacks as you move away!
The ball python bites you but does no damage.
The gnoll hits you from afar with a +2 spear of distortion.
You blink.
The gnoll hits you from afar with a +0 halberd!
* * * LOW HITPOINT WARNING * * *
The gnoll bouda hits you with a +0 whip!
* * * LOW HITPOINT WARNING * * *
The air fills with toxic fumes!
As you read the scroll labelled PANUBU UKLUGOR, it crumbles to dust.
It was a scroll of poison.
The gnoll misses you.
The gnoll hits you from afar with a +2 spear of distortion!
* * * LOW HITPOINT WARNING * * *
The iguana splashes around in the water.
The gnoll completely misses you. The endoplasm freezes you.
You are frozen.
You die...

#g.~♣~.~♣~.~♣
#...g...~...~
#g~...~...~[.
#g♣~.~♣~.~♣
#§§.§§§§§§
##§§§§§§§§
#§g♣§§§♣§.~♣
##§§gg§§§..~.
##g@§g§§~...
#Jl♣§§§♣~..
##§§..§~.#
#########


You could see a gnoll bouda, an iguana, 4 gnolls and an endoplasm.

Vanquished Creatures
  A hound (D:3)
  Jessica (D:2)
  Natasha (thrice) (D:2)
  2 adders (D:2)
  2 worms (D:3)
  2 dart slugs
  An orc (D:3)
  7 bats
  6 endoplasms
  5 giant cockroaches
  3 goblins
  5 hobgoblins
  4 jackals (D:1)
  2 quokkas
  2 ball pythons
  3 frilled lizards
  3 rats (D:1)
52 creatures vanquished.

Notes
Turn   | Place    | Note
-------+----------+-------------------------------------------
     0 | D:1      | Strat the Kobold Brigand began the quest for the Orb.
     0 | D:1      | Reached XP level 1. HP: 12/12 MP: 1/1
   153 | D:1      | Reached XP level 2. HP: 17/17 MP: 2/2
   349 | D:1      | Reached XP level 3. HP: 22/22 MP: 3/3
   870 | D:2      | Reached skill level 6 in Stealth
  1243 | D:2      | Noticed Jessica
  1247 | D:2      | Killed Jessica
  1248 | D:2      | Reached XP level 4. HP: 27/27 MP: 4/4
  1595 | D:2      | Noticed Natasha
  1599 | D:2      | Killed Natasha
  1600 | D:2      | Reached XP level 5. HP: 32/32 MP: 5/5
  1712 | D:2      | Noticed Natasha
  1746 | D:2      | Killed Natasha
  1850 | D:2      | Noticed Natasha
  1857 | D:2      | Killed Natasha
  1923 | D:3      | Reached skill level 7 in Stealth
  1923 | D:3      | Reached XP level 6. HP: 37/37 MP: 6/6
  2370 | D:3      | Found Ygremip's Antique Armour Emporium.
  2522 | D:3      | Reached skill level 5 in Short Blades
  2869 | D:4      | Frozen to death by an endoplasm

Illustrated notes

Levels and vault maps discovered:
D:1:      dpeg_arrival_houses_and_road, layout_basic, minmay_pentomino_t4
D:2:      layout_basic, serial_forest, infiniplex_forest_lined_3,
          infiniplex_forest_clump_large, infiniplex_forest_corner_1,
          infiniplex_forest_straight_4, infiniplex_forest_straight_5,
          infiniplex_forest_zigzag_1, infiniplex_forest_end_double,
          infiniplex_forest_split, infiniplex_forest_end_1, uniq_natasha,
          uniq_jessica
D:3:      layout_basic, serial_shops, shop, due_unseen_surprise
D:4:      layout_cave_pools, chei_slow_surprise, bloody_makhleb,
          mainiacjoe_overflow_small_starburst,
          nicolae_uskayaw_murder_on_the_dancefloor,
          minmay_temple_entry_gardened_gates, minmay_misc_feat_roman,
          kennysheep_doodads

Skill      XL: |  1  2  3  4  5  6 |
---------------+-------------------+-----
Short Blades   | 3 4 5 |  5.0
Stealth        | 6 7 |  7.1
Dodging        | 2 |  2.7
Fighting       | 3 |  3.2
Throwing       | |  2.1

Action                     |  1- 3 |  4- 6 || total
---------------------------+-------+-------++-------
  Melee: Dagger            |    62 |    62 ||   124
    Use: Scroll            |       |     1 ||     1
   Stab: Sleeping          |    21 |     8 ||    29
 Armour: Robe              |    10 |    10 ||    20
  Dodge: Dodged            |    26 |    53 ||    79

Table legend: (Time is in decaauts)
 A = Elapsed time spent in this place.
 B = Non-inter-level travel time spent in this place.
 C = Inter-level travel time spent in this place.
 D = Time resting spent in this place.
 E = Time spent auto-exploring this place.
 F = Levels seen in this place.
 G = Mean time per level.
                   A        B        C        D        E       F      G
               +--------+--------+--------+--------+--------+-----+--------+
         Total |   2840 |   2734 |    106 |      9 |   2309 |   4 |  710.0 |
       Dungeon |   2840 |   2734 |    106 |      9 |   2309 |   4 |  710.0 |
               +--------+--------+--------+--------+--------+-----+--------+

Top non-repeatable levels by time:
     D:2: 1120 daAuts
     D:3: 909 daAuts
     D:1: 773 daAuts
     D:4: 36 daAuts
